 Dungeon Crawl Stone Soup version 0.27-a0-287-gd4424db430 (webtiles) character file.

Game seed: 9665027901999427063

2257 gimp the Sneak (level 9, -4/54 HPs)
             Began as a Kobold Artificer on Feb 8, 2021.
             Was a Follower of Ru.
             Slain by a komodo dragon (32 damage)
             ... on level 7 of the Dungeon on Feb 9, 2021.
             The game lasted 00:38:30 (12934 turns).

gimp the Sneak (Kobold Artificer)                  Turns: 12934, Time: 00:38:31

Health: -4/54      AC:  4    Str:  9    XL:     9   Next: 64%
Magic:  18/18      EV: 17    Int: 15    God:    Ru [*.....]
Gold:   153        SH:  5    Dex: 16    Spells: 16/20 levels left

rFire    + . .     SeeInvis .   a - +1 dagger (flame)
rCold    + . .     Faith    .   (shield restricted)
rNeg     . . .     Spirit   .   k - +0 leather armour
rPois    .         Reflect  +   (no helmet)
rElec    .         Harm     .   (no cloak)
rCorr    .         Rampage  .   g - +0 pair of gloves
Will     .....                  (no boots)
Stlth    ++++......             G - amulet of reflection
HPRegen  0.18/turn              r - ring of protection from cold
MPRegen  0.16/turn              C - ring of protection from fire

@: no status effects
A: small, nightstalker 3, hated by all
a: Renounce Religion


You were on level 7 of the Dungeon.
You worshipped Ru.
Ru was aware of your devotion.
You visited 2 branches of the dungeon, and saw 8 of its levels.
You also visited: Sewer.

You collected 198 gold pieces.
You spent 45 gold pieces at shops.

Inventory:

Hand Weapons
 a - a +1 dagger of flaming (weapon)
 b - a +0 hunting sling
Missiles
 l - 199 stones
 A - 13 poisoned darts (quivered)
Armour
 g - a +0 pair of gloves (worn)
 k - a +0 leather armour (worn)
Magical Staves
 p - an uncursed staff of cold {unknown}
Jewellery
 r - a ring of protection from cold (left hand)
 C - a ring of protection from fire (right hand)
 G - an amulet of reflection (around neck)
Wands
 c - a wand of flame (2)
 e - a wand of random effects (29)
 m - a wand of iceblast (5)
 v - a wand of paralysis (7)
 F - a wand of polymorph (4)
Scrolls
 f - 2 scrolls of immolation
 h - 4 scrolls of teleportation
 i - 3 scrolls of enchant weapon
 j - 2 scrolls of remove curse
 o - 3 scrolls of amnesia
 q - a scroll of fear
 u - a scroll of blinking
 x - a scroll of fog
Potions
 n - 3 potions of heal wounds
 s - 4 potions of flight
 t - a potion of resistance
 w - a potion of cancellation
 z - a potion of brilliance
 B - a potion of attraction
 D - a potion of curing
 E - a potion of ambrosia {unknown}


   Skills:
 - Level 5.0 Fighting
 - Level 4.0 Short Blades
 - Level 0.7 Armour
 - Level 5.0 Dodging
 - Level 6.3 Stealth
 - Level 6.1 Spellcasting
 * Level 4.4 Conjurations
 * Level 4.4 Fire Magic
 - Level 3.6 Evocations


You had 16 spell levels left.
You knew the following spells:

 Your Spells              Type           Power        Failure   Level
a - Sticky Flame          Conj/Fire      18%          30%         4

Your spell library contained the following spells:

 Spells                   Type           Power        Failure   Level
 Foxfire                  Conj/Fire      72%          3%          1
 Conjure Flame            Conj/Fire      18%          10%         3
 Inner Flame              Hex/Fire       11%          24%         3
 Fireball                 Conj/Fire      9%           65%         5


Dungeon Overview and Level Annotations

Branches:
Dungeon (7/15)             Temple (1/1) D:4           Sewer (visited)

Altars:
Ashenzari
Cheibriados
Dithmenos
Elyvilon
Fedhas
Gozag
Hepliaklqana
Kikubaaqudgha
Makhleb
Nemelex Xobeh
Okawaru
Qazlal
Ru
Sif Muna
Trog
Uskayaw
Vehumet
Wu Jian
Xom
Yredelemnul
Zin
The Shining One

Shops:
D:6 *![*

Annotations:
D:1 Natasha
D:2 1 runed translucent door, exclusion: adder, Crazy Yiuf, Sigmund
D:3 exclusion: ice beast
D:4 2 transporters, lunkers's ghost, amateur KoBr
D:6 Edmund
D:7 1 runed translucent door, Joseph


Innate Abilities, Weirdness & Mutations

You are small and have problems with some larger weapons.
You are completely attuned to the shadows.
You are hated by all.


Message History

You destroy the adder skeleton!
No target in view!
No target in view!
You enter the shallow water.
Moving in this stuff is going to be slow.
A komodo dragon comes into view.
The komodo dragon hisses angrily.
Health restored: 54
Casting: Sticky Flame (quite dangerous; 30% risk of failure)
Confirm with . or Enter, or press ? or * to list all spells.
Okay, then.
Unknown command.
The komodo dragon misses you. The komodo dragon bites you!!
Ouch! That really hurt!
You take 29 damage, and have 25/54 hp.
MASSIVE DAMAGE!!
There is a stone staircase leading up here.
The komodo dragon bites you!!
Ouch! That really hurt!
You die...

≈≈≈≈≈≈...♣....## #...⌠≈≈≈≈...##
≈≈≈≈≈≈.........# ##....≈≈≈≈....#
≈≈≈≈≈8..(♣...#####............##
................###...††.......#
................####........#..#
#...#.......#.....#.........####
##†.#.......##..............#
#......#....#..............##
#......#.......l@...###...##
##..................# #####
###...............##
###........##...#
#...)#........##
##..##..#.##..## ##.....#.#....#
##....#..##.## ####.....###


You could see a komodo dragon.

Vanquished Creatures
  Prince Ribbit (D:5)
  Duvessa (D:7)
  A water moccasin (D:6)
  3 ogres
  3 centaurs
  A phantom (D:7)
  Dowan (D:7)
  A water moccasin zombie (D:7)
  2 scorpions
  A wyvern skeleton (D:6)
  An electric eel (D:7)
  A centaur zombie (D:6)
  6 hounds
  2 jellies
  2 orc priests
  A bullfrog skeleton (D:7)
  2 iguanas
  5 orc wizards
  5 worker ants
  A hound skeleton (D:4)
  4 gnolls
  3 worker ant zombies
  9 adders
  2 howler monkey skeletons (D:7)
  2 river rats (Sewer)
  2 shadow imps (D:6)
  5 adder skeletons
  3 worms
  2 dart slugs
  6 leopard geckos
  7 orcs
  5 ball pythons
  7 giant cockroaches
  6 goblins
  4 hobgoblins
  12 jackals
  5 kobolds
  6 quokkas
  A ball python skeleton (D:4)
  8 bats
  8 frilled lizards
  A jackal zombie (D:6)
  A leopard gecko skeleton (D:3)
  A quokka skeleton (D:4)
  10 rats
161 creatures vanquished.

Vanquished Creatures (collateral kills)
  2 adders
  A worm (D:2)
  A leopard gecko (D:2)
  An orc (D:5)
  A giant cockroach (D:2)
  A goblin (D:2)
  2 hobgoblins
  3 kobolds
12 creatures vanquished.

Vanquished Creatures (others)
  An orc priest (D:5)
  An orc wizard (D:5)
  7 plants (D:7)
9 creatures vanquished.

Grand Total: 182 creatures vanquished

Notes
Turn   | Place    | Note
-------+----------+-------------------------------------------
     0 | D:1      | gimp the Kobold Artificer began the quest for the Orb.
     0 | D:1      | Reached XP level 1. HP: 12/12 MP: 1/1
     0 | D:1      | Upgraded the game from 0.27-a0-279-gdfb9265905 to
                  | 0.27-a0-287-gd4424db430
   648 | D:1      | Reached XP level 2. HP: 4/17 MP: 2/2
  1184 | D:1      | Reached XP level 3. HP: 18/23 MP: 3/3
  2263 | D:2      | Noticed Sigmund
  2287 | D:2      | Reached XP level 4. HP: 25/29 MP: 4/4
  2928 | D:2      | Found a runed translucent door.
  2931 | D:2      | Noticed Crazy Yiuf
  3158 | D:2      | Noticed Natasha
  4529 | D:3      | Reached XP level 5. HP: 30/34 MP: 5/5
  5066 | D:3      | Reached skill level 5 in Fighting
  5264 | D:3      | Noticed an ice beast
  5584 | D:3      | Reached skill level 1 in Short Blades
  6385 | D:4      | Found a glowing drain.
  6427 | Sewer    | Entered a sewer
  6500 | Sewer    | Noticed a kobold brigand
  6543 | Sewer    | Found a glowing silver altar of Zin.
  6699 | D:4      | Found a transporter.
  6702 | D:4      | Noticed lunkers's ghost (amateur KoBr)
  6703 | D:4      | Found a transporter.
  6828 | D:4      | Reached XP level 6. HP: 40/40 MP: 6/6
  6856 | D:4      | Noticed an ogre
  6890 | D:4      | Killed an ogre
  7095 | D:4      | Found a shimmering blue altar of Sif Muna.
  7224 | D:4      | Reached skill level 5 in Stealth
  7241 | D:4      | Reached XP level 7. HP: 20/44 MP: 7/7
  7812 | D:4      | Found a staircase to the Ecumenical Temple.
  7927 | Temple   | Entered the Ecumenical Temple
  8055 | Temple   | Became a worshipper of Ru the Awakened
  8276 | D:4      | Identified the +4 dire flail "Vyule" {vorpal, rPois rC+}
  8305 | D:4      | Reached skill level 1 in Spellcasting
  8536 | D:5      | Entered Level 5 of the Dungeon
  8748 | D:5      | Reached XP level 8. HP: 35/49 MP: 10/12
  9180 | D:5      | Noticed Prince Ribbit
  9500 | D:5      | Killed Prince Ribbit
  9967 | D:6      | Found Ruciyh's Assorted Antiques.
  9978 | D:6      | Found Byhuik's Antique Armour Emporium.
 10020 | D:6      | Reached skill level 5 in Dodging
 10024 | D:6      | Gained mutation: You are hated by all. [Ru sacrifice]
 10024 | D:6      | Reached * piety under Ru
 10039 | D:6      | Reached skill level 5 in Spellcasting
 10255 | D:6      | Found Memosado's Distillery.
 10651 | D:6      | Learned a level 4 spell: Sticky Flame
 10892 | D:6      | Noticed Edmund
 11026 | D:6      | Reached skill level 1 in Conjurations
 11026 | D:6      | Reached skill level 1 in Fire Magic
 11026 | D:6      | Reached XP level 9. HP: 19/54 MP: 10/18
 11442 | D:6      | Found Inucrung's General Store.
 11457 | D:6      | Bought a scroll of teleportation for 45 gold pieces
 11585 | D:6      | Found a sacrificial altar of Ru.
 11628 | D:6      | You fall into a shaft and drop 1 floor!
 11923 | D:7      | Noticed Joseph
 12351 | D:7      | Noticed Duvessa
 12359 | D:7      | Found a runed translucent door.
 12381 | D:7      | Noticed Dowan
 12396 | D:7      | Killed Duvessa
 12398 | D:7      | Killed Dowan
 12912 | D:7      | Noticed a komodo dragon
 12934 | D:7      | Slain by a komodo dragon

Illustrated notes

Levels and vault maps discovered:
D:1:      dpeg_arrival_tiny_a, layout_basic, minmay_misc_feat_chi
D:2:      layout_basic, minmay_between, uniq_natasha, uniq_sigmund,
          uniq_crazy_yiuf_cottage
D:3:      layout_basic, chequers_serial_rivers_micro_d, minmay_quadrilaterals
D:4:      layout_loops_corners, kennysheep_mini,
          minmay_temple_entry_enclosed_plants, gammafunk_ghost_smash,
          cheibrodos_sewer_entry_drain
D:5:      layout_basic, uniq_prince_ribbit1
D:6:      layout_gridville, serial_shops,
          nicolae_shop_temple_entry_statues_fountains, shop, nicolae_shop_stone,
          shop_statue, nicolae_ru_awakened_eye, uniq_edmund
D:7:      layout_cave_pools, serial_park, serial_park_fountain,
          serial_park_square1 [serial_park_minivault_5x5_3], serial_park_gazebo
          [serial_park_minivault_5x5_7], serial_park_tiny_pond,
          ebering_ghost_reflecting_pool, minmay_lizard_king, uniq_duvessa,
          uniq_harold, uniq_pikel, uniq_joseph
Temple:   compressed_dpeg_circular_temple

Skill      XL: |  1  2  3  4  5  6  7  8  9 |
---------------+----------------------------+-----
Fighting       | 2 3 4 5 |  5.0
Short Blades   | 2 4 |  4.0
Stealth        | 3 5 6 |  6.3
Dodging        | 3 5 |  5.0
Spellcasting   | 2 6 |  6.1
Conjurations   | 1 4 |  4.4
Fire Magic     | 1 4 |  4.4
Armour         | |  0.7
Evocations     | |  3.6

Action                   |  1- 3 |  4- 6 |  7- 9 || total
-------------------------+-------+-------+-------++-------
Melee: Club              |    37 |       |       ||    37
       Dagger            |    78 |   247 |   673 ||   998
       Unarmed           |     8 |       |       ||     8
 Fire: Hunting sling     |       |   117 |       ||   117
Throw: Dart              |       |     5 |     4 ||     9
Invok: Sacrifice Love    |       |       |     1 ||     1
Evoke: Wand              |    11 |    12 |    26 ||    49
  Use: Potion            |       |     3 |     6 ||     9
       Scroll            |       |    10 |     9 ||    19
 Stab: Sleeping          |     6 |    14 |    13 ||    33
       Invisible         |       |       |     1 ||     1
       Paralysed         |       |       |     4 ||     4
       Distracted        |       |       |     3 ||     3
       Confused          |       |       |     1 ||     1
Armor: Leather armour    |    32 |    47 |    64 ||   143
       Skin              |       |       |    12 ||    12
Dodge: Dodged            |   137 |   194 |   448 ||   779
Block: Other             |       |       |    15 ||    15

Table legend: (Time is in decaauts)
 A = Elapsed time spent in this place.
 B = Non-inter-level travel time spent in this place.
 C = Inter-level travel time spent in this place.
 D = Time resting spent in this place.
 E = Time spent auto-exploring this place.
 F = Levels seen in this place.
 G = Mean time per level.
                   A        B        C        D        E       F      G
               +--------+--------+--------+--------+--------+-----+--------+
         Total |  12830 |  12372 |    458 |   1256 |   8388 |   9 | 1425.6 |
       Dungeon |  12411 |  11985 |    426 |   1256 |   8096 |   7 | 1773.0 |
        Temple |    161 |    129 |     32 |      0 |    120 |   1 |  161.0 |
         Sewer |    257 |    257 |      0 |      0 |    172 |   1 |  257.0 |
               +--------+--------+--------+--------+--------+-----+--------+

Top non-repeatable levels by time:
     D:1: 2388 daAuts
     D:3: 2005 daAuts
     D:2: 1957 daAuts
     D:5: 1942 daAuts
     D:4: 1824 daAuts
     D:7: 1254 daAuts
     D:6: 1038 daAuts
   Sewer: 257 daAuts
  Temple: 161 daAuts
